 Dungeon Crawl Stone Soup version 0.24-a0-582-g4d4af813a0 (webtiles) character file.

Game seed: 16077663563108854904

440 DasRunzen the Covered (level 6, -17/56 HPs)
             Began as a Minotaur Fighter on Aug 27, 2019.
             Demolished by an orc warrior
             ... wielding a +0 battleaxe
              (26 damage)
             ... on level 6 of the Dungeon.
             The game lasted 00:04:32 (2833 turns).

DasRunzen the Covered (Minotaur Fighter)            Turns: 2833, Time: 00:04:33

Health: -17/56     AC:  7    Str: 21    XL:     6   Next: 70%
Magic:  5/5        EV:  7    Int:  5    God:
Gold:   194        SH: 10    Dex: 11    Spells: 5/5 levels left

rFire    . . .     SeeInvis .   a - +2 war axe
rCold    . . .     Gourm    .   c - +0 shield
rNeg     . . .     Faith    .   b - +0 scale mail
rPois    .         Spirit   .   (helmet restricted)
rElec    .         Reflect  .   (no cloak)
rCorr    .         Harm     .   (no gloves)
MR       .....                  (no boots)
Stlth    ..........             (no amulet)
HPRegen  0.18/turn              (no ring)
MPRegen  0.09/turn              (no ring)

@: no status effects
A: retaliatory headbutt, horns 2
a: no special abilities


You were on level 6 of the Dungeon.
You were not hungry.

You visited 1 branch of the dungeon, and saw 5 of its levels.

You collected 194 gold pieces.

Inventory:

Hand Weapons
 a - a +2 war axe (weapon)
Armour
 b - a +0 scale mail (worn)
 c - a +0 shield (worn)
Wands
 k - a wand of acid (8)
 m - a wand of digging (2)
Scrolls
 e - a scroll of fog
 h - a scroll of remove curse
 i - a scroll of teleportation
 o - a scroll of magic mapping
Potions
 d - a potion of might
 g - 2 potions of curing
 j - 2 potions of flight {unknown}
 n - 2 potions of heal wounds {unknown}
 p - a potion of haste {unknown}
Comestibles
 f - 5 rations


   Skills:
 + Level 5.5 Fighting
 + Level 4.7 Axes
 + Level 5.6 Armour
 + Level 5.5 Shields


You had 5 spell levels left.
You didn't know any spells.
Your spell library was empty.

Dungeon Overview and Level Annotations

Branches:
Dungeon (4/15)
 Temple: D:4-7

Altars:
Ashenzari
Zin


Innate Abilities, Weirdness & Mutations

You reflexively headbutt those who attack you in melee.
You have a pair of horns on your head.


Message History

The orc wizard gestures at you while chanting.
The magic dart hits you.
The orc warrior hits you with a +0 battleaxe!
You closely miss the orc warrior. You block the orc warrior's attack.
You hit the orc warrior but do no damage.
Your headbutt misses the orc warrior.
The orc warrior hits you with a +0 battleaxe.
You closely miss the orc warrior.
The orc warrior hits you with a +0 battleaxe!
You hit the orc warrior. Your headbutt misses the orc warrior.
The orc warrior is lightly wounded.
You block the orc warrior's attack.
You hit the orc warrior but do no damage.
The orc warrior is lightly wounded.
The orc warrior hits you with a +0 battleaxe!
* * * LOW HITPOINT WARNING * * *
You closely miss the orc warrior.
The orc warrior is lightly wounded.
The orc warrior hits you with a +0 battleaxe!!
You die...

#########
###.......#
########oo.......#
#.....@oo#.......#
#.########oo.....#
#......#####
#......# #......#
###.o..##
##.....##
...######.......#
................#


You could see an orc warrior, an orc wizard and 2 orcs.

Vanquished Creatures
  A bullfrog (D:6)
  3 jellies (D:3)
  An orc wizard (D:6)
  A worker ant (D:6)
  7 adders
  9 oozes (D:3)
  6 worms
  7 leopard geckos
  An orc (D:3)
  3 giant cockroaches
  8 goblins
  12 hobgoblins
  12 jackals (D:2)
  15 kobolds
  2 quokkas (D:2)
  12 bats
  5 frilled lizards
  7 rats
112 creatures vanquished.

Vanquished Creatures (others)
  4 fungi (D:3)
  7 toadstools (D:3)
11 creatures vanquished.

Grand Total: 123 creatures vanquished

Notes
Turn   | Place    | Note
-------+----------+-------------------------------------------
     0 | D:1      | DasRunzen the Minotaur Fighter began the quest for the Orb.
     0 | D:1      | Reached XP level 1. HP: 19/19 MP: 0/0
    80 | D:1      | Reached XP level 2. HP: 9/27 MP: 1/1
   454 | D:1      | Reached XP level 3. HP: 33/33 MP: 2/2
   964 | D:2      | Reached XP level 4. HP: 23/41 MP: 3/3
  1514 | D:2      | Found a shattered altar of Ashenzari.
  1514 | D:2      | Found a glowing silver altar of Zin.
  1815 | D:3      | Reached XP level 5. HP: 27/47 MP: 4/4
  2117 | D:3      | Reached skill level 5 in Armour
  2131 | D:3      | Reached skill level 5 in Fighting
  2131 | D:3      | Reached skill level 5 in Shields
  2394 | D:3      | Reached XP level 6. HP: 34/56 MP: 5/5
  2441 | D:3      | Found a faded altar of an unknown god.
  2781 | D:4      | You fall into a shaft and drop 2 floors!
  2805 | D:6      | Noticed an orc warrior
  2833 | D:6      | Demolished by an orc warrior

Levels and vault maps discovered:
D:1:      minmay_arrival_glassed_features, layout_rooms
D:2:      layout_loops_corners, gammafunk_temple_overflow_elements,
          first_ration, minmay_misc_feat_secret_circle, hex_medium
D:3:      cheibrodos_fertilizer, layout_basic, chequers_ecumenical_altar_simple
D:4:      layout_basic
D:6:      layout_rooms, lemuel_crystal_altar, serial_shops, nicolae_shop_crystal

Skill      XL: |  1  2  3  4  5 |
---------------+----------------+-----
Armour         | 4 5 |  5.6
Shields        | 4 5 |  5.5
Fighting       | 4 5 |  5.5
Axes           | 3 4 |  4.7

Action                   |  1- 3 |  4- 6 || total
-------------------------+-------+-------++-------
Melee: War axe           |    99 |   163 ||   262
       Headbutt          |    19 |    27 ||    46
  Use: Scroll            |     5 |     3 ||     8
  Eat: Chunk             |       |     3 ||     3
       Ration            |       |     1 ||     1
Armor: Scale mail        |    55 |    69 ||   124
Dodge: Dodged            |    33 |    52 ||    85
Block: Shield            |    73 |   111 ||   184

Table legend:
 A = Non-vault XP
 B = Vault XP
 C = Vault XP percentage of total XP
 D = Non-vault monster count
 E = Vault monster count
 F = Vault count percentage of total count
                 A         B        C        D         E       F
            +---------+---------+-------+---------+---------+-------
      Total |     431 |     198 |  31.5 |      94 |      18 |  16.1
            +---------+---------+-------+---------+---------+-------
        D:1 |      47 |       0 |   0.0 |      26 |       0 |   0.0
        D:2 |     130 |       0 |   0.0 |      36 |       0 |   0.0
        D:3 |      87 |     198 |  69.5 |      29 |      18 |  38.3
        D:6 |     167 |       0 |   0.0 |       3 |       0 |   0.0
            +---------+---------+-------+---------+---------+-------
